AoeStats
← casbelt_3

Arabia

510978496Analyzed
1v1 RM · 11h ago on Oct 3, 2026· 26m 38s· 2 players
Game mode
Random Map
Map size
Tiny (2 player)
Population
200
Speed
Normal
Resources
Standard
Victory
Conquest
Starting age
Dark Age
Ending age
Imperial Age
RankedLock teamsTeams togetherTeam positionsShared explorationLock speedFull tech treeHidden civsTurbo modeCheats
Victory
Defeat
🇪🇸 Saxons · Spain
1224
+14
🇧🇪 Vietnamese · Belgium
1180
-14
Benjatn
6:58 Loom
10:02 Feudal Age
10:53 Double-Bit Axe
17:54 Fletching
25:01 Wheelbarrow
27:25 Castle Age
25:09 Horse Collar
26:02 Gold Mining
casbelt_3
6:48 Loom
9:10 Feudal Age
9:18 Man-at-Arms
9:53 Double-Bit Axe
16:08 Fletching
17:12 Padded Archer Armor
23:09 Castle Age
21:35 Gold Mining
21:27 Horse Collar
22:43 Bloodlines
22:45 Scale Barding Armor
23:43 Forging
23:50 Bodkin Arrow
24:01 Crossbowman
25:22 Town Watch
Connection lost

Rejoining the realm…

Still unreachable

The connection could not be restored.

Session expired

The server has moved on; the page needs a fresh start.